 Dungeon Crawl Stone Soup version 0.27.1-2-g3b301248ec (webtiles) character file.

Game seed: 1808670547276245835

7417 Crownlay the Earth Mage (level 11, 0/54 HPs)
             Began as a Gargoyle Earth Elementalist on Sept 28, 2021.
             Was a Priest of Sif Muna.
             Slain by Erica (6 damage)
             ... on level 8 of the Dungeon.
             The game lasted 00:25:24 (12460 turns).

Crownlay the Earth Mage (GrEE)                     Turns: 12460, Time: 00:25:25

Health: 0/54       AC: 17    Str: 12    XL:     11   Next: 14%
Magic:  10/14      EV: 11    Int: 19    God:    Sif Muna [***...]
Gold:   1042       SH:  0    Dex: 10    Spells: 5/14 levels left

rFire    + . .     SeeInvis .   G - +1 whip (elec)
rCold    + . .     Faith    .   (no shield)
rNeg     + . .     Spirit   .   C - +0 acid dragon scales
rPois    ∞         Reflect  .   (no helmet)
rElec    +         Harm     .   (no cloak)
rCorr    +         Rampage  .   j - +2 pair of gloves
Will     .....                  (no boots)
Stlth    +.........             (no amulet)
HPRegen  0.18/turn              (no ring)
MPRegen  0.14/turn              (no ring)

@: confused, resistant, hasted and slowed
A: sickness immunity, AC +8, negative energy resistance 1, electricity
resistance, torment resistance 1, petrification resistance
a: Renounce Religion, Channel Magic, Forget Spell


You were on level 8 of the Dungeon.
You worshipped Sif Muna.
Sif Muna was most pleased with you.
You visited 2 branches of the dungeon, and saw 10 of its levels.
You also visited: Sewer and Bailey.

You collected 1042 gold pieces.

Inventory:

Hand Weapons
 G - a +1 whip of electrocution (weapon)
Missiles
 z - 25 stones
 F - 7 throwing nets
Armour
 b - +0 steam dragon scales
 j - a +2 pair of gloves (worn)
 C - +0 acid dragon scales (worn)
 H - a +1 robe of cold resistance
Jewellery
 p - an amulet of guardian spirit
Wands
 c - a wand of flame (31)
 n - a wand of acid (20)
 u - a wand of polymorph (19)
 I - a wand of paralysis (9)
Scrolls
 a - 2 scrolls of blinking {unknown}
 d - 3 scrolls of teleportation
 g - 2 scrolls of summoning {unknown}
 i - a scroll of torment
 m - a scroll of identify
 s - a scroll of magic mapping {unknown}
 t - 2 scrolls of amnesia
 v - 2 scrolls of fog {unknown}
 w - 2 scrolls of fear {unknown}
 y - a scroll of enchant armour {unknown}
 B - 4 scrolls of vulnerability {unknown}
 D - a scroll of enchant weapon {unknown}
Potions
 e - a potion of mutation {unknown}
 f - 4 potions of curing {unknown}
 h - 2 potions of brilliance {unknown}
 k - 3 potions of might {unknown}
 l - 3 potions of heal wounds {unknown}
 o - 2 potions of berserk rage
 q - a potion of haste
 r - a potion of degeneration {unknown}
 x - a potion of cancellation {unknown}
 A - a potion of magic {unknown}


   Skills:
 - Level 1.7 Dodging
 - Level 2.3 Stealth
 - Level 2.1 Spellcasting
 + Level 9.3 Conjurations
 - Level 1.0 Transmutations
 + Level 4.1 Fire Magic
 - Level 15.0 Earth Magic
 * Level 4.9 Invocations


You had 5 spell levels left.
You knew the following spells:

 Your Spells              Type           Power      Damage    Failure   Level
a - Sandblast             Erth           100%       2d20      1%          1
b - Stone Arrow           Conj/Erth      96%        3d13      1%          3
c - Fireball              Conj/Fire      13%        3d7       41%         5

Your spell library contained the following spells:

 Spells                   Type           Power      Damage    Failure   Level
 Passwall                 Tmut/Erth      26%        N/A       1%          2
 Petrify                  Tmut/Erth      32%        N/A       10%         4
 Dazzling Flash           Conj/Hex       38%        N/A       11%         3
 Beastly Appendage        Tmut           10%        N/A       17%         1
 Wereblood                Tmut           5%         N/A       26%         2
 Ensorcelled Hibernation  Hex/Ice        2%         N/A       36%         2
 Iskenderun's Mystic Bla  Conj/Tloc      19%        2d6       36%         4
 Spider Form              Tmut/Pois      1%         N/A       52%         3
 Starburst                Conj/Fire      13%        6d6       94%         6
 Shadow Creatures         Summ           N/A        N/A       100%        6
 Ignition                 Fire           8%         3d5       100%        8


Dungeon Overview and Level Annotations

Branches:
Dungeon (9/15)             Temple (1/1) D:5             Orc (0/2) D:9
  Sewer (visited)          Bailey (visited)
   Lair: D:8-11

Altars:
Dithmenos
Elyvilon
Gozag
Nemelex Xobeh
Okawaru
Qazlal
Sif Muna
Trog
Uskayaw
Vehumet
Xom
Zin

Annotations:
D:8 Erica, Psyche


Innate Abilities, Weirdness & Mutations

You are immune to sickness and miasma.
Your stone body is resilient. (AC +8)
You are immune to poison.
You resist negative energy. (rN+)
You are resistant to electric shocks. (rElec)
You are resistant to unholy torment.
You are immune to petrification.


Message History

Psyche gestures wildly while chanting.
A swirling arc of seething chaos appears!
The arc of chaos hits you but does no damage.
You feel less confused.
You hear some strange, mumbled words.
Something tries to affect you, but you resist.
You hear some strange, mumbled words.
You feel yourself slow down.
Psyche casts a spell.
A swirling arc of seething chaos appears!
The arc of chaos hits something.
Something hits you but does no damage.
Psyche looks encouraged for a moment.
You hear some strange, mumbled words.
A bolt of poison appears from out of thin air!
The bolt of poison hits you but does no damage.
You resist.
Aiming: Corrosive Bolt
Press: ? - help, Shift-Dir - straight line, f - Psyche
Aim: Psyche, wielding a +1 dagger of chaos and wearing a +2 robe of willpower (64% to hit)
The bolt of acid hits Psyche!
Psyche is splashed with acid!
The acid corrodes Psyche!
Psyche is heavily wounded.
You hear some strange, mumbled words.
You are confused.
Something hits you! Something burns you.
Psyche casts a spell.
Psyche flickers and vanishes!
You hear some strange, mumbled words.
You feel as though you will be slow longer.
Something hits you but does no damage. Something hits you!
* * * LOW HITPOINT WARNING * * *
Something burns you.
* * * LOW HITPOINT WARNING * * *
You feel protected.
You hear some strange, mumbled words.
You feel as though you will be slow longer.
Something hits you but does no damage.
You feel yourself speed up. Something hits you.
You die...

###.#..('...♣
#.....#≈..♣ ##....# ..♣
##.(.# .8♣ ###...# ...
#.....# .. #.....# ≈
###.(.#######+####
+........{@#.....##.
#........{...##.....
#####.................#
##.#.#.###.##.........##
#.......#####..........#
#.......##.#........##.
#......##....[......#
.....
#...................#
.....
##..................##
.....#


There were no monsters in sight!

Vanquished Creatures
  Harold (D:7)
  A two-headed ogre (D:8)
  Pikel (D:7)
  Maggie (D:6)
  A wyvern (D:9)
  3 yaks (D:9)
  A steam dragon (D:8)
  Menkaure (D:7)
  2 water moccasins
  Duvessa (D:6)
  3 orc warriors
  A black bear (D:6)
  A hornet zombie (D:8)
  An ogre (D:3)
  2 ice beasts
  2 sky beasts (D:6)
  A necrophage (D:7)
  4 centaurs
  3 lemures (D:7)
  A kobold brigand (D:7)
  2 phantoms
  2 bullfrogs
  9 gnoll sergeants
  A scorpion (D:4)
  Dowan (D:6)
  4 killer bees (D:7)
  3 wights (D:6)
  A howler monkey (D:7)
  3 bullfrog zombies (D:6)
  2 orc priests
  4 hounds
  9 gnoll shamans
  2 jellies
  2 centaur skeletons
  2 bullfrog skeletons (D:6)
  6 iguanas
  5 orc wizards
  A killer bee zombie (D:7)
  A hound skeleton (D:4)
  A howler monkey zombie (D:7)
  12 adders
  30 gnolls
  2 howler monkey skeletons
  A shadow imp (D:5)
  2 white imps
  An ufetubus (D:5)
  3 worms
  25 orcs
  7 bats
  14 endoplasms
  11 giant cockroaches
  12 goblins
  6 hobgoblins
  11 jackals
  11 kobolds
  6 quokkas
  8 ball pythons
  A frilled lizard (D:2)
  6 rats
262 creatures vanquished.

Vanquished Creatures (others)
  A gnoll (D:8)
  A goblin (D:8)
2 creatures vanquished.

Grand Total: 264 creatures vanquished

Notes
Turn   | Place    | Note
-------+----------+-------------------------------------------
     0 | D:1      | Crownlay the Gargoyle Earth Elementalist began the quest
                  | for the Orb.
     0 | D:1      | Reached XP level 1. HP: 10/10 MP: 3/3
     1 | D:1      | Found a runed translucent door.
   114 | D:1      | Reached skill level 1 in Transmutations
   114 | D:1      | Reached XP level 2. HP: 5/15 MP: 0/5
   474 | D:1      | Reached skill level 4 in Earth Magic
  1215 | D:1      | Reached XP level 3. HP: 19/19 MP: 4/6
  1243 | D:1      | Reached skill level 5 in Earth Magic
  1585 | D:2      | Found a faded altar of an unknown god.
  1732 | D:2      | Reached XP level 4. HP: 20/24 MP: 5/7
  1741 | D:2      | Learned a level 3 spell: Stone Arrow
  2472 | D:2      | Reached skill level 6 in Earth Magic
  2609 | D:3      | Noticed an ogre
  2613 | D:3      | Killed an ogre
  2614 | D:3      | Reached skill level 7 in Earth Magic
  2614 | D:3      | Reached XP level 5. HP: 28/28 MP: 3/8
  2708 | D:3      | Found an iron altar of Okawaru.
  3194 | D:3      | Reached XP level 6. HP: 32/32 MP: 9/9
  3319 | D:4      | Reached skill level 8 in Earth Magic
  3630 | D:4      | Reached skill level 9 in Earth Magic
  3630 | D:4      | Reached XP level 7. HP: 36/36 MP: 6/10
  4039 | D:5      | Entered Level 5 of the Dungeon
  4049 | D:4      | Reached skill level 1 in Conjurations
  4454 | D:4      | Reached skill level 10 in Earth Magic
  4651 | D:5      | Reached XP level 8. HP: 29/41 MP: 6/11
  5129 | D:5      | Reached skill level 11 in Earth Magic
  5285 | D:5      | Found a staircase to the Ecumenical Temple.
  5343 | Temple   | Entered the Ecumenical Temple
  5374 | Temple   | Became a worshipper of Sif Muna the Loreminder
  6003 | D:6      | Found a glowing drain.
  6020 | Sewer    | Entered a sewer
  6230 | D:6      | Reached * piety under Sif Muna
  6297 | D:6      | Found a bloodstained altar of Trog.
  6411 | D:6      | Reached skill level 5 in Conjurations
  6411 | D:6      | Reached skill level 12 in Earth Magic
  6411 | D:6      | Reached XP level 9. HP: 45/45 MP: 9/12
  6515 | D:6      | Noticed Maggie
  6523 | D:6      | Killed Maggie
  7383 | D:6      | Reached skill level 13 in Earth Magic
  7507 | D:6      | Noticed Duvessa
  7508 | D:6      | Noticed Dowan
  7539 | D:6      | Killed Dowan
  8037 | D:6      | Killed Duvessa
  8151 | D:7      | Noticed Harold
  8916 | D:7      | Noticed Menkaure
  8927 | D:7      | Killed Menkaure
  9251 | D:7      | Reached skill level 14 in Earth Magic
  9251 | D:7      | Reached XP level 10. HP: 50/50 MP: 10/13
  9264 | D:7      | Killed Harold
  9264 | D:7      | Reached ** piety under Sif Muna
  9880 | D:7      | Noticed Pikel
  9900 | D:7      | Killed Pikel
 10176 | D:7      | Learned a level 5 spell: Fireball
 10208 | D:8      | Found a flagged portal.
 10224 | D:8      | Reached skill level 15 in Earth Magic
 10231 | D:8      | Reached skill level 1 in Fire Magic
 10464 | Bailey   | Entered a bailey
 10749 | Bailey   | Reached skill level 1 in Invocations
 10916 | Bailey   | Reached *** piety under Sif Muna
 11777 | D:8      | Noticed a two-headed ogre
 11783 | D:8      | Killed a two-headed ogre
 11784 | D:8      | Reached XP level 11. HP: 37/54 MP: 9/14
 11884 | D:8      | You fall into a shaft and drop 1 floor!
 12204 | D:9      | Found a staircase to the Orcish Mines.
 12434 | D:8      | Noticed Erica
 12436 | D:8      | Noticed Psyche
 12460 | D:8      | Slain by Erica

Illustrated notes

Levels and vault maps discovered:
D:1:      dpeg_arrival_caged_fury, layout_basic
D:2:      layout_basic, ebering_ecumenical_altar_sacrificial
D:3:      layout_loops_cross, okawaru_trees_1
D:4:      layout_rooms, minivault_5
D:5:      layout_loops_ring, minmay_temple_entry_poolview, minivault_19,
          minmay_increasing_density
D:6:      layout_basic, trog_three_pillars_becter, gup_sewer_entry_pipe,
          uniq_duvessa, uniq_maggie
D:7:      layout_cave_pods, uniq_harold, uniq_menkaure, uniq_pikel
D:8:      layout_cave_pools, david_lair_shrubbed, enter_bailey_5,
          nicolae_zen_rock_garden, kennysheep_path_1, uniq_psyche, uniq_erica
D:9:      gammafunk_corrupted_shrine, layout_loops_ring, minitemple,
          kennysheep_slug_shrine, nicolae_overflow_hidden_temple, orc_0_dummy
Temple:   eino_temple_lava

Skill      XL: |  1  2  3  4  5  6  7  8  9 10 11 |
---------------+----------------------------------+-----
Transmutations | 1 |  1.0
Earth Magic    | 4 5 7 9 10 12 14 15 | 15.0
Conjurations   | 2 5 7 9 |  9.3
Fire Magic     | 3 4 |  4.1
Invocations    | 4 |  4.9
Dodging        | |  1.7
Stealth        | |  2.3
Spellcasting   | |  2.1

Action                   |  1- 3 |  4- 6 |  7- 9 | 10-12 || total
-------------------------+-------+-------+-------+-------++-------
Melee: Dagger            |    67 |    82 |   146 |       ||   295
       Whip              |       |       |       |    50 ||    50
Throw: Throwing net      |       |       |     1 |     4 ||     5
 Cast: Sandblast         |    21 |    42 |    99 |    89 ||   251
       Stone Arrow       |       |     1 |    48 |    34 ||    83
Invok: Channel Magic     |       |       |       |     1 ||     1
Evoke: Wand              |       |       |     2 |     8 ||    10
  Use: Scroll            |       |       |     3 |       ||     3
       Potion            |       |       |       |     1 ||     1
 Stab: Sleeping          |     2 |     3 |     1 |       ||     6
Armor: Robe              |    24 |    39 |    54 |       ||   117
       Acid dragon scale |       |       |    54 |    70 ||   124
Dodge: Dodged            |    34 |    47 |   174 |    74 ||   329
